 Dungeon Crawl Stone Soup version 0.27.0-1-g7a089689b8 (webtiles) character file.

Game seed: 962884901534824468

82 sasquatch the Gusty (level 4, 0/24 HPs)
             Began as a Tengu Air Elementalist on Aug 4, 2021.
             Slain by a black bear (6 damage)
             ... on level 3 of the Dungeon.
             The game lasted 00:03:47 (2696 turns).

sasquatch the Gusty (Tengu Air Elementalist)        Turns: 2696, Time: 00:03:47

Health: 0/24       AC:  2    Str:  8    XL:     4   Next: 43%
Magic:  0/8        EV: 12    Int: 17    God:
Gold:   109        SH:  0    Dex: 14    Spells: 5/8 levels left

rFire    . . .     SeeInvis .   (no weapon)
rCold    . . .     Faith    .   (no shield)
rNeg     . . .     Spirit   .   a - +0 robe
rPois    .         Reflect  .   (helmet restricted)
rElec    .         Harm     .   (no cloak)
rCorr    .         Rampage  .   (no gloves)
Will     .....                  (boots unavailable)
Stlth    ++........             (no amulet)
HPRegen  0.08/turn              (no ring)
MPRegen  0.11/turn              (no ring)

@: no status effects
A: beak, talons 3
a: no special abilities


You were on level 3 of the Dungeon.
You visited 1 branch of the dungeon, and saw 3 of its levels.

You collected 109 gold pieces.

Inventory:

Armour
 a - a +0 robe (worn)
Jewellery
 c - a +4 ring of slaying
Scrolls
 d - a scroll of identify {unknown}
 e - a scroll of fog {unknown}
 f - a scroll of noise {unknown}
Potions
 b - 3 potions of curing {unknown}
 g - a potion of cancellation {unknown}
 h - a potion of lignification {unknown}
 i - a potion of haste {unknown}
 j - a potion of heal wounds {unknown}


   Skills:
 - Level 2.1 Dodging
 - Level 2.0 Stealth
 + Level 2.5 Spellcasting
 * Level 3.5 Conjurations
 * Level 5.3 Air Magic


You had 5 spell levels left.
You knew the following spells:

 Your Spells              Type           Power      Damage    Failure   Level
a - Shock                 Conj/Air       68%        1d7       3%          1
b - Static Discharge      Conj/Air       17%        N/A       4%          2

Your spell library contained the following spells:

 Spells                   Type           Power      Damage    Failure   Level
 Swiftness                Air            20%        N/A       6%          3
 Airstrike                Air            10%        N/A       21%         4
 Tukima's Dance           Hex            2%         N/A       50%         3
 Passage of Golubria      Tloc           N/A        N/A       88%         4
 Yara's Violent Unravell  Hex/Tmut       1%         3d3       99%         5


Dungeon Overview and Level Annotations

Branches:
Dungeon (3/15)

Altars:

Shops:
D:1 *


Innate Abilities, Weirdness & Mutations

You have a beak for a mouth.
You have claws for feet.


Message History

Aim: a black bear (lightly wounded, 79% to hit)
The zap misses the black bear.
Aiming: Shock (safe; 3% risk of failure)
Press: ? - help, Q - select action, (/) - cycle Shift-Dir - straight line, f/p - black bear
Aim: a black bear (lightly wounded, 79% to hit)
The zap hits the black bear but does no damage.
The black bear is lightly wounded.
Casting: Shock (safe; 3% risk of failure)
Confirm with . or Enter, or press ? or * to list all spells.
The black bear is struck by an arc of lightning!
The black bear is heavily wounded.
You are struck by an arc of lightning.
The lightning grounds out.
The black bear bites you. The black bear closely misses you.
The black bear claws you.
Casting: Static Discharge (safe; 4% risk of failure)
Confirm with . or Enter, or press ? or * to list all spells.
The black bear is struck by an arc of lightning!
The black bear is almost dead.
You are struck by an arc of lightning.
The lightning grounds out.
The black bear goes berserk!
Unknown command.
Casting: Static Discharge (safe; 4% risk of failure)
Confirm with . or Enter, or press ? or * to list all spells.
You don't have enough magic to cast this spell.
Aiming: Shock (safe; 3% risk of failure)
Press: ? - help, Q - select action, (/) - cycle Shift-Dir - straight line, f/p - black bear
Aim: a black bear (severely wounded, berserk, 79% to hit)
That beam is likely to hit you.
Continue anyway?
Okay, then.
Unknown command.
Aiming: Shock (safe; 3% risk of failure)
Press: ? - help, Q - select action, (/) - cycle Shift-Dir - straight line, f/p - black bear
Aim: a black bear (severely wounded, berserk, 79% to hit)
The zap hits the black bear.
The black bear is almost dead.
The zap misses the black bear.
The black bear closely misses you. The black bear claws you!
* * * LOW HITPOINT WARNING * * *
The black bear claws you.
You die...

###.... ## ##.## #. #.#
##. ##.## #.. ##...#
####>.##### #.....
#........)#.# #.....
#........# #.....
#..h@#.# ##...#
#.#..#.# ##.##
#.##.#..#.###########.#
#.........##.......##.#
...####.####.##.......#
. #.........##<####
######.#####.# #.# #.#
#.. ..#


You could see a black bear (berserk).

Vanquished Creatures
  4 adders (D:2)
  A dart slug (D:2)
  3 ball pythons
  4 giant cockroaches (D:1)
  3 goblins (D:2)
  5 hobgoblins
  4 jackals (D:1)
  7 kobolds
  3 quokkas
  3 bats
  A frilled lizard (D:2)
  2 rats (D:1)
40 creatures vanquished.

Vanquished Creatures (others)
  6 fungi (D:1)
  6 plants (D:1)
12 creatures vanquished.

Grand Total: 52 creatures vanquished

Notes
Turn   | Place    | Note
-------+----------+-------------------------------------------
     0 | D:1      | sasquatch the Tengu Air Elementalist began the quest for
                  | the Orb.
     0 | D:1      | Reached XP level 1. HP: 10/10 MP: 4/4
   374 | D:1      | Reached XP level 2. HP: 1/15 MP: 0/6
   639 | D:1      | Learned a level 2 spell: Static Discharge
   762 | D:1      | Found a faded altar of an unknown god.
  1060 | D:1      | Found Voseocex's General Store.
  1329 | D:1      | Reached XP level 3. HP: 17/19 MP: 1/7
  1708 | D:2      | Reached skill level 5 in Air Magic
  2125 | D:2      | Reached XP level 4. HP: 24/24 MP: 2/8
  2689 | D:3      | Noticed a black bear
  2696 | D:3      | Slain by a black bear

Illustrated notes

Levels and vault maps discovered:
D:1:      lemuel_arrival_tunnels, layout_loops_ring,
          dreamdust_ecumenical_altar_grove, serial_shops,
          nicolae_shop_temple_entry_statues_fountains
D:2:      layout_basic
D:3:      layout_loops_cross, minmay_surrounded

Skill      XL: |  1  2  3 |
---------------+----------+-----
Conjurations   | 2 3 |  3.5
Air Magic      | 5 |  5.3
Dodging        | |  2.1
Stealth        | |  2.0
Spellcasting   | |  2.5

Action                   |  1- 3 |  4- 6 || total
-------------------------+-------+-------++-------
Melee: Unarmed           |    24 |       ||    24
       Kick              |     4 |       ||     4
       Peck              |     3 |       ||     3
 Cast: Shock             |    77 |    20 ||    97
       Static Discharge  |     1 |     3 ||     4
Armor: Robe              |     4 |       ||     4
Dodge: Dodged            |    32 |    10 ||    42
